 Dungeon Crawl Stone Soup version 0.26-a0-489-g112e8ad46e (webtiles) character file.

Game seed: 4507461916228200277

208486 KristoblXynda the Unseen (level 18, -1/247 HPs)
             Began as a Naga Gladiator on Aug 3, 2020.
             Was the Champion of Ashenzari.
             Splashed by a brown very ugly thing's acid (6 damage)
             ... in a wizard's laboratory.
             The game lasted 01:46:58 (46538 turns).

KristoblXynda the Unseen (Naga Gladiator)          Turns: 46538, Time: 01:46:58

Health: -1/247     AC: 14    Str: 24    XL:     18   Next: 79%
Magic:  37/37      EV: 21    Int: 21    God:    Ashenzari [******]
Gold:   1123       SH: 20    Dex: 17    Spells: 14/30 levels left

rFire    + . .     SeeInvis +   I - +3 scimitar (vorpal) (curse)
rCold    + . .     Faith    .   Q - +2 kite shield {rF+} (curse)
rNeg     . . .     Spirit   .   c - +3 ring mail {rC+} (curse)
rPois    +         Reflect  +   P - +2 helmet {Int+3} (curse)
rElec    .         Harm     .   D - scarf {+Inv} (curse)
rCorr    .         Clarity  +   w - +1 pair of gloves
MR       ++...                  y - +0 barding "Galan" {MP+9 Slay+2} (curse)
Stlth    ..........             G - amulet of reflection (curse)
HPRegen  0.51/turn              N - ring "Kogumiun" {rPois Str+4 Int+5 Dex+4} (curse)
MPRegen  0.25/turn              p - +4 ring of evasion (curse)

@: berserking, corroded, studying Ice Magic, quick
A: large, see invisible, deformed body, poison resistance, slowness 2, spit
poison 1, constrict 1, AC +6
}: 1/15 runes: serpentine
a: Spit Poison, Curse Item, Scrying, Transfer Knowledge, Renounce Religion,
Evoke Invisibility


You were in a wizard's laboratory.
You worshipped Ashenzari.
Ashenzari was exalted by your worship.
You visited 9 branches of the dungeon, and saw 32 of its levels.
You also visited: Bailey, Gauntlet, Ice Cave and Wizlab.

You collected 3080 gold pieces.
You spent 1957 gold pieces at shops.

Inventory:

Hand Weapons
 I - a cursed +3 vorpal scimitar (weapon)
Missiles
 d - 4 throwing nets (quivered)
Armour
 a - +0 acid dragon scales
 c - a cursed +3 ring mail of cold resistance (worn)
 w - a +1 pair of gloves (worn)
 y - the cursed +0 barding "Galan" (worn) {MP+9 Slay+2}
   (You acquired it on level 12 of the Dungeon)

   It affects your accuracy and damage with ranged weapons and melee attacks
   (+2).
   It affects your magic capacity (+9).
   It has a curse placed upon it.
 D - a cursed scarf of invisibility (worn)
 P - a cursed +2 helmet of intelligence (worn)
 Q - a cursed +2 kite shield of fire resistance (worn)
Jewellery
 p - a cursed +4 ring of evasion (right hand)
 G - a cursed amulet of reflection (around neck)
 N - the cursed ring "Kogumiun" (left hand) {rPois Str+4 Int+5 Dex+4}
   (You found it in a Gauntlet)

   [ring of poison resistance]

   It affects your strength (+4).
   It affects your intelligence (+5).
   It affects your dexterity (+4).
   It protects you from poison.
   It has a curse placed upon it.
Wands
 i - a wand of disintegration (5)
 B - a wand of iceblast (17)
 H - a wand of acid (17)
Scrolls
 b - 4 scrolls of amnesia
 g - 8 scrolls of remove curse
 k - a scroll of magic mapping
 l - a scroll of fog
 r - 7 scrolls of teleportation
 t - 4 scrolls of enchant armour
 C - a scroll of fear
 K - 4 scrolls of enchant weapon
 O - 13 scrolls of identify
Potions
 e - 15 potions of curing
 f - 6 potions of haste
 h - 2 potions of invisibility
 j - 4 potions of flight
 n - 5 potions of lignification
 o - 3 potions of might
 s - 4 potions of stabbing
 u - 2 potions of heal wounds
 v - 5 potions of brilliance
 x - 2 potions of cancellation
 z - 7 potions of mutation
 J - 2 potions of magic
Books
 m - a manual of Ice Magic
 A - a manual of Ice Magic
Miscellaneous
 L - a phial of floods
 M - a phantom mirror


   Skills:
 + Level 11.6 Fighting
 - Level 12.6(16.7) Long Blades
 - Level 2.2 Throwing
 - Level 8.1(11.1) Armour
 + Level 12.6(15.3) Dodging
 - Level 15.7 Stealth
 + Level 9.0(11.9) Shields
 - Level 6.7 Spellcasting
 - Level 10.8(15.0) Conjurations
 + Level 8.0(12.5) Air Magic
 - Level 6.0(10.5) Poison Magic
 - Level 10.0(14.2) Evocations


You had 14 spell levels left.
You knew the following spells:

 Your Spells              Type           Power        Failure   Level
a - Mephitic Cloud        Conj/Pois/Air  ######..     1%          3
b - Lightning Bolt        Conj/Air       ######....   1%          5
c - Controlled Blink      Tloc           N/A          100%        8

Your spell library contained the following spells:

 Spells                   Type           Power        Failure   Level
 Magic Dart               Conj           ####         1%          1
 Shock                    Conj/Air       ####         1%          1
 Sting                    Tmut/Pois      ####         1%          1
 Poisonous Vapours        Pois/Air       ######       1%          2
 Searing Ray              Conj           ######       1%          2
 Swiftness                Air            ######..     1%          2
 Conjure Flame            Conj/Fire      #####...     1%          3
 Dazzling Flash           Conj/Hex       #####.       1%          3
 Static Discharge         Conj/Air       ######..     1%          3
 Airstrike                Air            ######....   1%          4
 Olgreb's Toxic Radiance  Pois           ######..     1%          4
 Spider Form              Tmut/Pois      ####......   3%          3
 Fulminant Prism          Conj/Hex       #####.....   4%          4
 Iskenderun's Mystic Bla  Conj/Tloc      #####...     4%          4
 Conjure Ball Lightning   Conj/Air       ######....   7%          6
 Ignite Poison            Fire/Tmut/Pois ###.....     8%          3
 Summon Lightning Spire   Summ/Air       ####....     9%          4
 Animate Skeleton         Necr           ##....       10%         1
 Apportation              Tloc           ##....       10%         1
 Beastly Appendage        Tmut           ##....       10%         1
 Corona                   Hex            ##.....      10%         1
 Sandblast                Erth           ##....       10%         1
 Summon Small Mammal      Summ           ##..         10%         1
 Blink                    Tloc           N/A          14%         2
 Call Imp                 Summ           ##......     14%         2
 Ensorcelled Hibernation  Hex/Ice        ##....       14%         2
 Passwall                 Tmut/Erth      ##......     14%         2
 Slow                     Hex            ##......     14%         2
 Wereblood                Tmut           ##......     14%         2
 Silence                  Hex/Air        ####......   24%         5
 Confusing Touch          Hex            ##......     28%         3
 Gell's Gravitas          Tloc           ##........   28%         3
 Lesser Beckoning         Tloc           ##........   28%         3
 Portal Projectile        Hex/Tloc       ##....       28%         3
 Teleport Other           Tloc           ##......     28%         3
 Tukima's Dance           Hex            ##......     28%         3
 Alistair's Intoxication  Tmut/Pois      ####.....    34%         5
 Bolt of Magma            Conj/Fire/Erth ####......   36%         5
 Ice Form                 Ice/Tmut       ##......     67%         4
 Passage of Golubria      Tloc           N/A          67%         4
 Blade Hands              Tmut           ##........   95%         5
 Dispersal                Tloc           ##........   100%        6
 Disjunction              Tloc           ##........   100%        8
 Tornado                  Air            ######....   100%        9


Dungeon Overview and Level Annotations

Branches:
Dungeon (15/15)            Temple (1/1) D:7            Lair (6/6) D:8
  Swamp (1/4) Lair:3        Snake (4/4) Lair:3        Slime (0/5) Lair:5
    Orc (2/2) D:11            Elf (1/3) Orc:2        Vaults (1/5) D:13
 Depths (1/5) D:15         Bailey (visited)           IceCv (visited)
 WizLab (1/1)             Gauntlet (visited)

Altars:
Ashenzari
Cheibriados
Dithmenos
Elyvilon
Fedhas
Gozag
Hepliaklqana
Kikubaaqudgha
Makhleb
Nemelex Xobeh
Okawaru
Qazlal
Ru
Sif Muna
Trog
Uskayaw
Vehumet
Wu Jian
Xom
Yredelemnul
Zin
The Shining One
Beogh
Jiyva

Shops:
Orc:2 (([*:   Snake:1 ?   Snake:2 :[(=   Snake:4 :

Portals:
Abyss: Snake:3

Annotations:
Snake:3 2 transporters, Korphuxang's ghost, journeyman TrMo WizLab 2 transporters


Innate Abilities, Weirdness & Mutations

You cannot wear boots.
Your serpentine skin is tough. (AC +6)
You have supernaturally acute eyesight. (SInv)
Armour fits poorly on your strangely shaped body.
Your system is resistant to poisons. (rPois)
You cover ground very slowly.
You can spit poison.
You can use your snake-like lower body to constrict enemies.


Message History

Unknown command.
You are too berserk!
Unknown command.
You hit the brown very ugly thing. You grab the brown very ugly thing.
The brown very ugly thing is moderately wounded.
You constrict the brown very ugly thing.
You block the brown very ugly thing's attack.
Unknown command.
You hit the brown very ugly thing but do no damage.
The brown very ugly thing is moderately wounded.
You constrict the brown very ugly thing.
You block the cyan very ugly thing's attack.
Unknown command.
You hit the brown very ugly thing but do no damage.
The brown very ugly thing is moderately wounded.
You constrict the brown very ugly thing.
The brown very ugly thing stings you.
* * * LOW HITPOINT WARNING * * *
You are splashed with acid.
You die...

##........#..#...
##.......##....#
*** *
#........#..### *
8*∆ *
##...##...##..## *
, , *
#(...###...#....
,{, *
##..(..###..##...
* ,, *
#.......##...####
*,* ,, ,*
##u.##.......###)©
, ,
#@†..###....##"?="
*, ** ,*
##uC...###.##.!###
*,,,* ,
#.#...#,###..# ,
*, ,, *
##....##..##..,,,
, , #..#..#...#..,
,,, *,*,*
#..#..#...#, , ,,{
,,,,*
#..#..#...#,, { ,
, * ##....##.. * ,
,, , ,,,* #.#...#
. , ,,,


You could see 2 very ugly things and a stone giant.

Vanquished Creatures
  Jorgrun (Snake:3)
  Rupert (D:14)
  A tentacled starspawn (WizLab)
  10 nagarajas
  5 orc warlords
  A cacodemon (WizLab)
  A caustic shrike zombie (D:15)
  A juggernaut zombie (D:15)
  A war gargoyle (WizLab)
  3 stone giants (WizLab)
  3 very ugly things (WizLab)
  A minotaur (Gauntlet)
  A crystal guardian (WizLab)
  3 great orbs of eyes (WizLab)
  10 naga warriors
  9 anacondas (Snake:4)
  3 centaur warriors
  7 hydras
  A dancing weapon (Elf:1)
  5 two-headed ogres
  2 tengu warriors
  6 death yaks (Lair:5)
  6 naga sharpshooters
  4 orc high priests
  11 shock serpents
  Sonja (D:11)
  6 salamander mystics
  7 skeletal warriors (D:15)
  An unseen horror (D:13)
  A sea snake (shapeshifter) (Gauntlet)
  4 glowing orange brains (WizLab)
  A deep troll (Depths:1)
  4 naga ritualists (Snake:4)
  A phantasmal warrior (D:15)
  4 lindwurms (Snake:4)
  6 orc knights
  A necromancer (IceCv)
  2 deep elf magi (Elf:1)
  7 orc sorcerers
  20 mana vipers
  2 cyclopes (D:11)
  A worldbinder (Gauntlet)
  2 ugly things
  A wolf spider (D:13)
  7 salamanders
  A moth of wrath (Gauntlet)
  Maurice (D:9)
  2 centaur zombies
  15 elephants
  6 guardian serpents (Snake:4)
  28 black mambas
  An ice statue (IceCv)
  A torpor snail (Lair:1)
  5 eyes of devastation (WizLab)
  A gargoyle (D:11)
  A spriggan skeleton (D:15)
  A cane toad (shapeshifter) (Gauntlet)
  14 naga magi
  27 cane toads
  2 minotaur zombies (Gauntlet)
  7 komodo dragons
  A kobold demonologist (D:15)
  2 rime drakes
  2 tengu conjurers
  9 freezing wraiths (IceCv)
  A yaktaur (Depths:1)
  A redback zombie (D:14)
  9 trolls
  3 tyrant leeches (Lair:6)
  36 blink frogs
  A polar bear (Lair:6)
  A fire dragon zombie (D:15)
  3 hornets
  10 hippogriffs
  7 slime creatures
  An air elemental (Elf:1)
  Sigmund (D:6)
  3 wraiths
  A shadow (D:13)
  3 wyverns
  3 basilisks
  16 humans (D:13)
  45 yaks
  A human (shapeshifter) (Gauntlet)
  13 golden eyes (WizLab)
  12 vampire mosquitoes
  Menkaure (D:5)
  2 death yak simulacra (IceCv)
  A warg (Orc:1)
  31 nagas
  An acid dragon (D:15)
  6 porcupines
  13 water moccasins
  51 orc warriors
  12 starcursed masses (WizLab)
  7 ice beasts
  A sky beast (D:10)
  A necrophage (D:7)
  15 ogres
  3 phantoms
  6 boggarts
  18 centaurs
  18 wolves
  7 crocodiles
  3 big kobolds
  27 bullfrogs
  7 scorpions
  A wyvern skeleton (D:10)
  4 electric eels
  21 wights
  6 howler monkeys
  A quasit (D:5)
  3 draconian simulacra (IceCv)
  4 hounds
  An iron imp (D:8)
  26 orc priests
  4 jellies
  31 orc wizards
  4 bullfrog skeletons
  3 centaur skeletons
  5 iguanas
  6 troll simulacra (IceCv)
  16 worker ants
  A spriggan simulacrum (IceCv)
  2 wolf simulacra (IceCv)
  2 centaur simulacra (IceCv)
  3 worker ant zombies
  3 howler monkey zombies
  9 gnolls
  11 adders
  4 naga simulacra (IceCv)
  4 ogre simulacra (IceCv)
  13 white imps
  An ufetubus (D:8)
  An adder zombie (D:6)
  An adder skeleton (D:3)
  3 worms
  3 dart slugs
  5 leopard geckos
  108 orcs
  2 ball pythons (D:1)
  4 giant cockroaches
  7 hobgoblins
  8 jackals
  4 quokkas
  3 bats
  3 frilled lizards
  13 goblins
  A goblin skeleton (D:8)
  A goblin zombie (D:8)
  3 hobgoblin zombies (D:8)
  2 jackal skeletons
  34 kobolds
  A leopard gecko skeleton (D:4)
  A leopard gecko zombie (D:5)
  An orc skeleton (D:8)
  5 orc zombies (D:8)
  2 quokka skeletons (D:5)
  11 rats
  A plant (Lair:6)
1122 creatures vanquished.

Vanquished Creatures (collateral kills)
  Mara (Snake:3)
  A very ugly thing (WizLab)
  A necromancer (D:15)
  A salamander (Snake:3)
  A naga mage (Snake:3)
  A freezing wraith (IceCv)
  3 nagas (Snake:3)
  A goblin (Bailey)
10 creatures vanquished.

Vanquished Creatures (others)
  A naga sharpshooter (Snake:4)
  2 deep elf magi
  3 naga magi (Snake:4)
  A guardian serpent (Snake:4)
  3 orc warriors
  2 orcs
  2 bushes (Lair:6)
  14 demonic plants
  26 fungi
  53 plants
  4 starspawn tentacles (WizLab)
  A withered plant (D:15)
112 creatures vanquished.

Grand Total: 1244 creatures vanquished

Notes
Turn   | Place    | Note
-------+----------+-------------------------------------------
     0 | D:1      | KristoblXynda the Naga Gladiator began the quest for the
                  | Orb.
     0 | D:1      | Reached XP level 1. HP: 19/19 MP: 1/1
    39 | D:1      | Reached XP level 2. HP: 15/26 MP: 2/2
   727 | D:1      | Reached XP level 3. HP: 31/33 MP: 3/3
  1556 | D:2      | Found a shimmering altar of Xom.
  1559 | D:2      | Found a shimmering altar of Xom.
  1559 | D:2      | Found a shimmering altar of Xom.
  1559 | D:2      | Found a shimmering altar of Xom.
  1559 | D:2      | Found a shimmering altar of Xom.
  1559 | D:2      | Found a shimmering altar of Xom.
  1563 | D:2      | Found a shimmering altar of Xom.
  1563 | D:2      | Found a shimmering altar of Xom.
  1577 | D:2      | Found a shimmering altar of Xom.
  1810 | D:3      | Found a faded altar of an unknown god.
  2127 | D:3      | Reached XP level 4. HP: 40/40 MP: 4/4
  2195 | D:3      | Noticed an orc warrior
  2211 | D:3      | Killed an orc warrior
  2211 | D:3      | Reached skill level 1 in Armour
  2211 | D:3      | Reached XP level 5. HP: 46/46 MP: 5/5
  2223 | D:3      | Reached XP level 6. HP: 19/55 MP: 6/6
  2864 | D:4      | Noticed a phantom
  2934 | D:4      | Killed a phantom
  3076 | D:4      | Reached skill level 5 in Long Blades
  3149 | D:4      | Found a snail-covered altar of Cheibriados.
  3170 | D:4      | Reached skill level 1 in Shields
  3235 | D:4      | Reached XP level 7. HP: 61/61 MP: 7/7
  4276 | D:5      | Entered Level 5 of the Dungeon
  4276 | D:5      | Noticed Menkaure
  4441 | D:5      | Reached skill level 1 in Stealth
  4441 | D:5      | Reached XP level 8. HP: 31/68 MP: 8/8
  4620 | D:5      | Found a shattered altar of Ashenzari.
  4628 | D:5      | Became a worshipper of Ashenzari the Shackled
  4742 | D:5      | Reached skill level 2 in Stealth
  4843 | D:5      | Killed Menkaure
  4952 | D:5      | Reached skill level 3 in Stealth
  5343 | D:6      | Reached skill level 4 in Stealth
  5590 | D:6      | Reached skill level 5 in Dodging
  5679 | D:6      | Found a bloodstained altar of Trog.
  5846 | D:6      | Identified the cursed +0 robe of Foolhardiness {+Fly MR-
                  | Str+5}
  5927 | D:6      | Reached skill level 5 in Stealth
  6108 | D:6      | Reached XP level 9. HP: 74/74 MP: 9/9
  6129 | D:6      | Noticed Sigmund
  6152 | D:6      | Killed Sigmund
  6688 | D:6      | Reached skill level 6 in Stealth
  6996 | D:7      | Identified the +2 buckler "Sovodony" {rC+ Stlth+}
  7671 | D:7      | Reached skill level 7 in Stealth
  7758 | D:7      | Reached skill level 1 in Evocations
  8001 | D:7      | Reached skill level 5 in Armour
  8133 | D:7      | Reached * piety under Ashenzari
  8137 | D:7      | Found a staircase to the Ecumenical Temple.
  8146 | Temple   | Entered the Ecumenical Temple
  8751 | D:8      | Reached skill level 8 in Stealth
  8766 | D:8      | Noticed a two-headed ogre
  8776 | D:8      | Killed a two-headed ogre
  8776 | D:8      | Reached XP level 10. HP: 68/83 MP: 10/10
  8847 | D:8      | Found a staircase to the Lair.
  9198 | D:8      | Found a shimmering altar of Xom.
 10138 | D:8      | Found a glowing golden altar of the Shining One.
 10402 | D:9      | Noticed Maurice
 10426 | D:9      | Killed Maurice
 11832 | D:10     | Entered Level 10 of the Dungeon
 11946 | D:10     | Reached ** piety under Ashenzari
 12250 | D:10     | Reached skill level 5 in Evocations
 12427 | D:10     | Reached XP level 11. HP: 79/91 MP: 11/11
 12950 | D:10     | Noticed a two-headed ogre
 12959 | D:10     | Killed a two-headed ogre
 12993 | D:10     | Reached skill level 5 in Fighting
 13477 | D:11     | Learned a level 3 spell: Mephitic Cloud
 13769 | D:11     | Found a staircase to the Orcish Mines.
 13782 | D:11     | Noticed a green ugly thing
 13802 | D:11     | Killed a green ugly thing
 13939 | D:11     | Noticed a cyclops
 14013 | D:11     | Killed a cyclops
 14566 | D:11     | Noticed a cyclops
 14573 | D:11     | Noticed Sonja
 14581 | D:11     | Killed a cyclops
 14585 | D:11     | Killed Sonja
 14585 | D:11     | Reached skill level 9 in Stealth
 14753 | D:11     | Reached skill level 10 in Long Blades
 15043 | D:12     | Found a flagged portal.
 15058 | Bailey   | Entered a bailey
 15074 | Bailey   | Noticed an orc warlord
 15223 | Bailey   | Found a runed translucent gate.
 15225 | Bailey   | Found a runed translucent gate.
 15227 | Bailey   | Found a runed translucent gate.
 15581 | Bailey   | Killed an orc warlord
 15581 | Bailey   | Reached XP level 12. HP: 103/103 MP: 12/12
 15595 | Bailey   | Got the uncursed kite shield of the Barracuda {-Cast
                  | *Corrode +Inv rC+++}
 15652 | D:12     | Reached skill level 1 in Poison Magic
 16341 | D:12     | Noticed a six-headed hydra
 16349 | D:12     | Killed a nine-headed hydra
 16624 | D:12     | Identified 2 scrolls of acquirement
 16624 | D:12     | Acquired a cursed +0 double sword of holy wrath
 16625 | D:12     | Acquired the cursed +0 barding "Galan" {MP+9 Slay+2}
 16766 | D:13     | Found a gate to the Vaults.
 16766 | D:13     | Noticed a centaur warrior
 16766 | D:13     | Noticed a two-headed ogre
 17164 | D:13     | Killed a centaur warrior
 17404 | D:13     | Reached skill level 5 in Poison Magic
 17954 | D:13     | Paralysed by a hornet for 1 turns
 18234 | D:13     | Noticed a tengu warrior
 18254 | D:13     | Killed a tengu warrior
 18254 | D:13     | Reached skill level 1 in Conjurations
 18254 | D:13     | Gained mutation: You can use your snake-like lower body to
                  | constrict enemies. [Naga growth]
 18254 | D:13     | Reached XP level 13. HP: 79/109 MP: 13/13
 19031 | D:14     | Found a sacrificial altar of Ru.
 19174 | D:14     | Reached *** piety under Ashenzari
 19186 | D:14     | Noticed Rupert
 19228 | D:15     | Entered Level 15 of the Dungeon
 21341 | D:15     | Found a staircase to the Depths.
 21851 | Lair:1   | Entered Level 1 of the Lair of Beasts
 21862 | Lair:1   | Found a frozen archway.
 21878 | IceCv    | Entered an ice cave
 22229 | IceCv    | Reached skill level 10 in Evocations
 22836 | IceCv    | Reached skill level 5 in Conjurations
 23279 | IceCv    | Reached skill level 10 in Stealth
 23604 | IceCv    | Found an ancient bone altar of Kikubaaqudgha.
 23779 | IceCv    | Reached skill level 5 in Shields
 23779 | IceCv    | Reached XP level 14. HP: 105/117 MP: 14/14
 24181 | Lair:1   | Reached **** piety under Ashenzari
 24986 | Lair:2   | Found a gate leading to a gauntlet.
 24999 | Gauntlet | Entered a Gauntlet
 24999 | Gauntlet | Found a transporter.
 25008 | Gauntlet | Found a transporter.
 25023 | Gauntlet | Found a transporter.
 25028 | Gauntlet | Found a transporter.
 25043 | Gauntlet | Found a transporter.
 25044 | Gauntlet | Identified the cursed +1 morningstar of the Insatiable
                  | Knives {protect, Int+5 Stlth-}
 25053 | Gauntlet | Identified the +1 hat of Whack-A-Mole {rCorr}
 25062 | Gauntlet | Found a transporter.
 25074 | Gauntlet | Found a transporter.
 25074 | Gauntlet | Noticed a dire elephant
 25076 | Gauntlet | Identified the +2 hat of Tulips {MR+}
 25082 | Gauntlet | Found a large runed translucent door.
 25083 | Gauntlet | Found a large runed translucent door.
 25084 | Gauntlet | Found a large runed translucent door.
 25084 | Gauntlet | Found a large runed translucent door.
 25085 | Gauntlet | Found a runed translucent gate.
 25086 | Gauntlet | Found a transporter.
 25086 | Gauntlet | Found a runed translucent gate.
 25087 | Gauntlet | Found a runed translucent gate.
 25088 | Gauntlet | Found a large runed translucent door.
 25088 | Gauntlet | Found a large runed translucent door.
 25089 | Gauntlet | Found a large runed translucent door.
 25090 | Gauntlet | Found a large runed translucent door.
 25095 | Gauntlet | Identified the ring "Kogumiun" {rPois Str+4 Int+5 Dex+4}
 25098 | Gauntlet | Found a transporter.
 25110 | Gauntlet | Found a transporter.
 25114 | Gauntlet | Identified the ring of Qosar {+Fly rF+ Str+2 Int+2}
 25127 | Gauntlet | Found a transporter.
 25145 | Gauntlet | Found a transporter.
 25147 | Gauntlet | Found a transporter.
 25177 | Gauntlet | Found a transporter.
 25179 | Gauntlet | Found a transporter.
 25181 | Gauntlet | Found a transporter.
 25203 | Gauntlet | Found a transporter.
 25205 | Gauntlet | Found a transporter.
 25209 | Gauntlet | Identified the cursed +0 pair of boots of Mumblety Peg
                  | {rElec Str+2} (You found it on level 10 of the Dungeon)
 25209 | Gauntlet | Identified the +3 kite shield of the Barracuda {-Cast
                  | *Corrode +Inv rC+++} (You found it in a bailey)
 25253 | Gauntlet | Found a large runed translucent door.
 25253 | Gauntlet | Found a large runed translucent door.
 25333 | Gauntlet | Found a large runed translucent door.
 25333 | Gauntlet | Found a large runed translucent door.
 25334 | Gauntlet | Found a large runed translucent door.
 25334 | Gauntlet | Found a large runed translucent door.
 25334 | Gauntlet | Found a runed translucent door.
 25334 | Gauntlet | Found a runed translucent door.
 25336 | Gauntlet | Found a large runed translucent door.
 25337 | Gauntlet | Found a large runed translucent door.
 25753 | Gauntlet | Got the cursed scale mail of Haunted Brilliance {rF++ Dex+3
                  | Stlth-}
 25756 | Gauntlet | Identified the cursed +0 scale mail of Haunted Brilliance
                  | {rF++ Dex+3 Stlth-} (You found it in a Gauntlet)
 26283 | Lair:2   | Reached ***** piety under Ashenzari
 27319 | Lair:3   | Found a staircase to the Snake Pit.
 27587 | Lair:3   | Found a staircase to the Swamp.
 27971 | Swamp:1  | Entered Level 1 of the Swamp
 28907 | Lair:5   | Found a staircase to the Slime Pits.
 28959 | Lair:5   | Found a viscous altar of Jiyva.
 29036 | Lair:5   | Found a sparkling altar of Nemelex Xobeh.
 29394 | Lair:5   | Reached ****** piety under Ashenzari
 29482 | Lair:5   | Reached XP level 15. HP: 38/129 MP: 15/15
 29506 | Lair:5   | HP: 2/129 [death yak (7)]
 30148 | Lair:6   | Entered Level 6 of the Lair of Beasts
 30166 | Lair:6   | Learned a level 5 spell: Lightning Bolt
 31004 | Lair:6   | Reached skill level 10 in Conjurations
 31018 | Lair:6   | Reached skill level 11 in Stealth
 31369 | Lair:6   | Identified the ring of Liunloma {rElec rPois Str+3 Dex-3
                  | Stlth+}
 31400 | Lair:6   | Identified Xihiaviu's Catalogue of Ashen Moulding
 32066 | Orc:1    | Entered Level 1 of the Orcish Mines
 32074 | Orc:1    | Noticed an orc warlord
 32086 | Orc:1    | Killed an orc warlord
 32258 | Orc:1    | Found a burning altar of Makhleb.
 32301 | Orc:1    | Reached skill level 10 in Dodging
 32724 | Orc:1    | Noticed an orc warlord
 32749 | Orc:1    | Reached XP level 16. HP: 143/144 MP: 16/16
 32767 | Orc:1    | Reached skill level 12 in Stealth
 32926 | Orc:1    | Found a roughly hewn altar of Beogh.
 33079 | Orc:2    | Entered Level 2 of the Orcish Mines
 33080 | Orc:2    | Found Zothrozxo's Antique Weapon Emporium.
 33130 | Orc:2    | Bought a masterwork scimitar for 279 gold pieces
 33130 | Orc:2    | Identified the +4 scimitar "Naokojik" {vamp, Fragile rN+
                  | Int+2 Dex+3} (You bought it in a shop on level 2 of the
                  | Orcish Mines)
 33627 | Orc:2    | Found a staircase to the Elven Halls.
 34380 | Orc:2    | Reached skill level 10 in Fighting
 34408 | Orc:2    | Reached skill level 1 in Spellcasting
 34766 | Orc:2    | Found Veudi's Antique Armour Boutique.
 34767 | Orc:2    | Found Muffuh's Antique Weapon Shop.
 34769 | Orc:2    | Found Xaoji's General Store.
 34769 | Orc:2    | Found Lom Tes's Book Boutique.
 34913 | Elf:1    | Entered Level 1 of the Elven Halls
 34916 | Elf:1    | Reached skill level 13 in Stealth
 35336 | Snake:1  | Entered Level 1 of the Snake Pit
 35915 | Snake:1  | Found Viwa's Magic Scroll Emporium.
 35923 | Snake:1  | Bought a scroll of enchant armour for 135 gold pieces
 35923 | Snake:1  | Bought a scroll of remove curse for 54 gold pieces
 35923 | Snake:1  | Bought a scroll of enchant weapon for 135 gold pieces
 35923 | Snake:1  | Bought a scroll of remove curse for 54 gold pieces
 36784 | Snake:2  | Found Fidened's Armour Shop.
 36787 | Snake:2  | Found Degouv's Jewellery Boutique.
 36787 | Snake:2  | Found Gixked's Book Shop.
 36793 | Snake:2  | Found Aleewke's Weapon Boutique.
 36870 | Snake:2  | Noticed a nagaraja
 36957 | Snake:2  | Killed a nagaraja
 38171 | Snake:3  | Reached skill level 14 in Stealth
 38476 | Snake:3  | Noticed Jorgrun
 38489 | Snake:3  | Killed Jorgrun
 38653 | Snake:3  | Reached skill level 1 in Air Magic
 38672 | Snake:3  | Reached XP level 17. HP: 79/153 MP: 23/23
 39009 | Snake:3  | Noticed Mara
 39015 | Snake:3  | Noticed KristoblXynda's illusion
 39023 | Snake:3  | Killed Mara
 39206 | Snake:3  | Found a transporter.
 39211 | Snake:3  | Found a transporter.
 39213 | Snake:3  | Identified the +7 scimitar of Wevotias {distort, rElec
                  | rPois Dex+3}
 39223 | Snake:3  | Identified the ring "Himul" {Str+6 Dex+10}
 39232 | Snake:3  | Noticed a tentacled starspawn
 39253 | Snake:3  | Noticed a tentacled monstrosity
 39257 | Snake:3  | Found a one-way gate to the infinite horrors of the Abyss.
 39257 | Snake:3  | Noticed Korphuxang's ghost (journeyman TrMo)
 39443 | Snake:4  | Entered Level 4 of the Snake Pit
 39451 | Snake:4  | Reached skill level 5 in Spellcasting
 39709 | Snake:4  | Reached skill level 15 in Stealth
 39749 | Snake:4  | Found Eloppot's Book Boutique.
 39798 | Snake:4  | Bought a book of the Sky for 1300 gold pieces
 42000 | Snake:4  | Learned a level 8 spell: Controlled Blink
 42129 | Snake:4  | Reached skill level 5 in Air Magic
 42163 | Snake:4  | HP: 6/153 [poisoned by a nagaraja (poison arrow)]
 42719 | Snake:4  | Learned a level 3 spell: Mephitic Cloud
 43352 | Snake:4  | Reached XP level 18. HP: 97/163 MP: 25/28
 43385 | Snake:4  | Got a serpentine rune of Zot
 43929 | Vaults:1 | Entered Level 1 of the Vaults
 44079 | D:14     | Killed Rupert
 44602 | Depths:1 | Entered Level 1 of the Depths
 44606 | Depths:1 | Found a magical portal.
 44680 | WizLab   | Entered Lehudib's Moon Base
 45260 | WizLab   | Found a transporter.
 45264 | WizLab   | Identified the amulet "Roonelibi" {Reflect rElec MR+ Str+4
                  | SH+5}
 45935 | WizLab   | Found a transporter.
 46531 | WizLab   | HP: 9/247 [acid (6)]
 46538 | WizLab   | HP: 5/247 [brown very ugly thing (5)]
 46538 | WizLab   | Splashed by a brown very ugly thing's acid

Illustrated notes

Levels and vault maps discovered:
D:1:      minmay_arrival_shattered_statue, layout_loops_ring
D:2:      layout_loops_ring, serial_glass, glass_columns_a, glass_columns_c,
          glass_columns_c, glass_columns_a, xom_redecorated
D:3:      layout_basic, chequers_ecumenical_altar_simple_redux,
          supply_closet_lemuel
D:4:      layout_loops_corners, kennysheep_slug_shrine,
          chequers_serial_rivers_small_3
D:5:      layout_basic, cheibrodos_ashenzari_chains, uniq_menkaure
D:6:      layout_rooms, corexii_corridor_pit, trog_butcher_becter, uniq_sigmund
D:7:      layout_rooms, temple_hall
D:8:      layout_rooms, lair_entry_dummy, basic_altar,
          nicolae_tso_besieged_by_evil
D:9:      layout_stronghold, uniq_maurice
D:10:     layout_loops_cross
D:11:     layout_stronghold, david_orc_2, serial_column_ruins,
          column_ruins_hut_pillars, column_ruins_open_tiny_water,
          column_ruins_open_small, column_ruins_open_tiny,
          column_ruins_open_tiny, column_ruins_grid_1, serial_bayou_pond_a,
          minivault_16, uniq_sonja
D:12:     layout_rooms, enter_bailey_7
D:13:     layout_loops_ring, david_vaults_3, nrook_uturn
D:14:     layout_basic, nicolae_ru_sacrificial_ziggurat, uniq_rupert
D:15:     gammafunk_depths_entry_grave, layout_gridville, minmay_fountain_box,
          nrook_pool_corridor, hex_medium, lemuel_flame_loot_1
Temple:   kilobyte_greek_temple
Lair:1:   layout_hall_layers, portal_ice_cave_entry_pillars_1,
          serial_bayou_lagoon_a, minivault_11, minmay_shattered_shrine
Lair:2:   layout_cellular_growth, gauntlet_entry_generic, st_stairs_8,
          infiniplex_staircase_pool, grunt_megastairs_2, lemuel_fruit_tree
Lair:3:   layout_hall_layers, swamp_mist, minmay_snake_entry_guardpost_medium
Lair:4:   layout_regular_city, st_stairs_8, patterned_corridor
Lair:5:   layout_cave_shapes, slime_altar_1, basic_altar,
          nicolae_lair_grove_arrangements
Lair:6:   minmay_lair_end_frog_pond, layout_regular_city
Swamp:1:  layout_basic_swamp, evilmike_swamp_ruin_wall, uniq_louise,
          uniq_josephine
Snake:1:  layout_gridlike, serial_shops, shop_fountains, drop_trap
Snake:2:  layout_layer_cave, minmay_shoptagon
Snake:3:  layout_rooms, gammafunk_ghost_abyssal_escape, uniq_mara, uniq_jorgrun
Snake:4:  snake_pit_salamanders_mu, layout_grid_shapes, serial_shops,
          nicolae_shop_window_shopping
Orc:1:    layout_diamond_mine, basic_altar, mines1_david
Orc:2:    st_orc_congregation, layout_caves, serial_shops, shop
Elf:1:    eino_elf_arrival_sip, layout_geoelf_diagonals,
          minmay_elf_annihilation, grunt_megastairs_3, uniq_azrael
Vaults:1: vaults_mumra_minichess, v_misc_12, v_alt_pattern_5,
          nicolae_vaults_stairing_the_circle, vaults_dpeg_doors,
          nicolae_vaults_network_star, vaults_room_semicircle, v_misc_10,
          nicolae_vaults_little_ls, nicolae_vaults_rhombus_6,
          vaults_dpeg_encased_lava, vaults_room_grid, vaults_dpeg_cross,
          layout_vaults_omnibox
Depths:1: layout_twisted_cross, minmay_curled_crystal,
          lightli_enter_wizlab_magi_temple, hell_entry,
          serial_sigils_hangedman_gnaw, chequers_serial_rivers_large_b,
          hangedman_blasphemy
WizLab:   wizlab_lehudib

Skill      XL: |  1  2  3  4  5  6  7  8  9 10 11 12 13 14 15 16 17 18 |
---------------+-------------------------------------------------------+-----
Throwing       | 2 |  2.2
Dodging        | 3 4 5 6 7 8 10 11 12 | 12.6
Long Blades    | 4 5 6 8 9 10 11 12 | 12.6
Armour         | 1 2 3 4 5 6 7 8 |  8.1
Shields        | 1 2 3 5 7 9 |  9.0
Stealth        | 1 5 8 9 10 11 14 15 | 15.7
Evocations     | 3 5 7 8 10 | 10.0
Fighting       | 3 4 5 7 9 10 11 | 11.6
Poison Magic   | 6 |  6.0
Conjurations   | 1 5 8 10 | 10.8
Spellcasting   | 4 6 |  6.7
Air Magic      | 1 5 8 |  8.0

Action                   |  1- 3 |  4- 6 |  7- 9 | 10-12 | 13-15 | 16-18 || total
-------------------------+-------+-------+-------+-------+-------+-------++-------
Melee: Long sword        |   120 |   101 |   481 |   426 |       |       ||  1128
       Scimitar          |       |       |       |   597 |  1527 |  1142 ||  3266
       Constrict         |       |       |       |       |   261 |   226 ||   487
Invok: Curse Item        |       |       |     2 |     1 |     5 |       ||     8
 Abil: Spit Poison       |       |     8 |    22 |    25 |     8 |     2 ||    65
Evoke: Wand              |       |       |     2 |    16 |    29 |    24 ||    71
       Phantom mirror    |       |       |       |     1 |       |     1 ||     2
       Box of beasts     |       |       |       |       |       |     1 ||     1
       Phial of floods   |       |       |       |       |       |     1 ||     1
  Use: Scroll            |       |     7 |    12 |     8 |    15 |    15 ||    57
       Potion            |       |     1 |       |     3 |     2 |     5 ||    11
 Stab: Sleeping          |       |       |     6 |    12 |    31 |    19 ||    68
       Distracted        |       |       |     1 |     1 |     4 |     1 ||     7
       Paralysed         |       |       |     7 |    14 |       |       ||    21
Armor: Leather armour    |     8 |       |       |       |       |       ||     8
       Ring mail         |    35 |    24 |   264 |   299 |   357 |   184 ||  1163
Dodge: Dodged            |    60 |    38 |   316 |   454 |   594 |   476 ||  1938
Block: Buckler           |       |       |   109 |   403 |   195 |       ||   707
       Reflection        |       |       |       |    39 |    10 |    74 ||   123
       Kite shield       |       |       |       |       |   818 |   937 ||  1755
       Rpst.: Long sword |    18 |    15 |    84 |    69 |       |       ||   186
       Scimitar          |       |       |       |    71 |   125 |   117 ||   313

Table legend: (Time is in decaauts)
 A = Elapsed time spent in this place.
 B = Non-inter-level travel time spent in this place.
 C = Inter-level travel time spent in this place.
 D = Time resting spent in this place.
 E = Time spent auto-exploring this place.
 F = Levels seen in this place.
 G = Mean time per level.
                   A        B        C        D        E       F      G
               +--------+--------+--------+--------+--------+-----+--------+
         Total |  53901 |  51140 |   2761 |  17449 |  20412 |  36 | 1497.2 |
       Dungeon |  26039 |  24347 |   1692 |   8004 |  10287 |  15 | 1735.9 |
        Temple |    200 |    192 |      8 |      0 |    190 |   1 |  200.0 |
          Lair |   8995 |   8428 |    567 |   1053 |   5245 |   6 | 1499.2 |
         Swamp |      1 |      1 |      0 |      0 |      0 |   1 |    1.0 |
     Snake Pit |   9479 |   9088 |    391 |   4141 |   3115 |   4 | 2369.8 |
  Orcish Mines |   3238 |   3140 |     98 |    859 |   1491 |   2 | 1619.0 |
   Elven Halls |    207 |    204 |      3 |    183 |      0 |   1 |  207.0 |
        Vaults |      1 |      1 |      0 |      0 |      0 |   1 |    1.0 |
        Depths |     74 |     74 |      0 |      0 |      0 |   1 |   74.0 |
        Bailey |    600 |    600 |      0 |    281 |      0 |   1 |  600.0 |
      Ice Cave |   2200 |   2200 |      0 |   1483 |      0 |   1 | 2200.0 |
        Wizlab |   1957 |   1957 |      0 |   1251 |      0 |   1 | 1957.0 |
      Gauntlet |    905 |    905 |      0 |    191 |     82 |   1 |  905.0 |
               +--------+--------+--------+--------+--------+-----+--------+

Top non-repeatable levels by time:
 Snake:4: 4570 daAuts
    D:15: 2944 daAuts
     D:8: 2224 daAuts
   IceCv: 2200 daAuts
     D:6: 2116 daAuts
 Snake:1: 2051 daAuts
    D:11: 2046 daAuts
     D:9: 2014 daAuts
    D:13: 1974 daAuts
  WizLab: 1957 daAuts
     D:4: 1903 daAuts
  Lair:6: 1846 daAuts
   Orc:2: 1834 daAuts
    D:10: 1744 daAuts
  Lair:2: 1592 daAuts
